 Dungeon Crawl Stone Soup version 0.22-a0-422-g9628fc8 (webtiles) character file.

15069 b5mith the Fencer (level 11, -2/114 HPs)
             Began as a Minotaur Berserker on May 19, 2018.
             Was a High Priest of Trog.
             Slain by a killer bee (5 damage)
             ... on level 12 of the Dungeon.
             The game lasted 00:33:03 (12891 turns).

b5mith the Fencer (Minotaur Berserker)             Turns: 12891, Time: 00:33:04

Health: -2/114     AC: 10    Str: 24    XL:     11   Next: 97%
Magic:  11/11      EV: 12    Int: 10    God:    Trog [*****.]
Gold:   761        SH:  0    Dex: 14    Spells: 10/10 levels left

rFire    . . .     SeeInvis .   a - +1 great sword (elec)
rCold    . . .     Gourm    .   (shield currently unavailable)
rNeg     . . .     Faith    .   M - +0 steam dragon scales
rPois    .         Spirit   .   h - +2 hat
rElec    .         Reflect  .   J - +0 cloak
rCorr    .         Harm     .   F - +0 pair of gloves
MR       .....                  A - +0 pair of boots
Stlth    +.........             (no amulet)
HPRegen  0.29/turn              f - +3 ring of dexterity
MPRegen  0.12/turn              U - +6 ring of intelligence

@: lethally poisoned (-2 -> -4), berserk cooldown, hasted and slowed
A: retaliatory headbutt, horns 2, high mp 1, subdued magic 1
a: Berserk, Trog's Hand, Brothers in Arms, Renounce Religion


You were on level 12 of the Dungeon.
You worshipped Trog.
Trog was extremely pleased with you.
You were hungry.

You visited 1 branch of the dungeon, and saw 12 of its levels.

You collected 761 gold pieces.

Inventory:

Hand Weapons
 a - a +1 great sword of electrocution (weapon)
   (Trog gifted it to you on level 8 of the Dungeon)
 b - a +0 hunting sling
   (You found it on level 1 of the Dungeon)
 r - a +3 falchion
   (You found it on level 7 of the Dungeon)
 D - a +1 falchion
 K - the +6 long sword of the Endless Expanse {pain, MR+}
   (You found it on level 5 of the Dungeon)

   In the hands of one skilled in necromantic magic, it inflicts extra damage on
   living creatures.
   It affects your resistance to hostile enchantments.
 V - a +3 antimagic great sword
   (Trog gifted it to you on level 10 of the Dungeon)
Missiles
 i - 82 sling bullets
 x - 3 throwing nets (quivered)
 G - 253 stones
 R - 4 javelins
Armour
 h - a +2 hat (worn)
   (You found it on level 1 of the Dungeon)
 j - a +0 animal skin
 A - a +0 pair of boots (worn)
   (You found it on level 5 of the Dungeon)
 E - a +0 ring mail
   (You found it on level 5 of the Dungeon)
 F - a +0 pair of gloves (worn)
   (You found it on level 6 of the Dungeon)
 J - a +0 cloak (worn)
   (You found it on level 7 of the Dungeon)
 M - +0 steam dragon scales (worn)
   (You found it on level 9 of the Dungeon)
Jewellery
 f - a +3 ring of dexterity (left hand)
   (You found it on level 1 of the Dungeon)
 w - an uncursed ring of wizardry
   (You found it on level 4 of the Dungeon)
 U - a +6 ring of intelligence (right hand)
   (You found it on level 10 of the Dungeon)
Wands
 s - a wand of polymorph (20)
   (You took it off Terence on level 2 of the Dungeon)
 H - a wand of paralysis (3)
   (You found it on level 7 of the Dungeon)
 T - a wand of acid (7)
   (You took it off an orc priest on level 10 of the Dungeon)
Scrolls
 d - 8 scrolls of identify {@r1}
 g - a scroll of random uselessness {unknown}
 m - 6 scrolls of teleportation
 o - 4 scrolls of enchant weapon
 q - 4 scrolls of blinking {unknown}
 v - a scroll of immolation {unknown}
 y - 4 scrolls of remove curse {@r2}
 L - 2 scrolls of fear {unknown}
 N - 2 scrolls of summoning {unknown}
 O - 2 scrolls of torment {unknown}
 P - a scroll of fog {unknown}
 S - a scroll of amnesia {unknown}
Potions
 e - a potion of cancellation {unknown}
 k - a potion of flight {unknown}
 l - a potion of resistance
 n - a potion of berserk rage {unknown}
 p - 2 potions of haste
 t - 3 potions of curing {@q1}
 z - a potion of brilliance
 B - a potion of mutation {!q}
 C - a potion of invisibility {unknown}
 I - a potion of degeneration {unknown}
 Q - a potion of heal wounds {unknown}
Comestibles
 c - 29 rations
 u - 5 chunks of flesh


   Skills:
 + Level 15.9 Fighting
 + Level 15.9 Long Blades
 - Level 2.4 Armour
 - Level 2.1 Dodging


You had 10 spell levels left.
You didn't know any spells.
Your spell library was empty.

Dungeon Overview and Level Annotations

Branches:
Dungeon (12/15)            Temple (0/1) D:5            Lair (0/6) D:8
    Orc: D:9-12

Altars:
Ashenzari
Dithmenos
Elyvilon
Fedhas
Gozag
Hepliaklqana
Kikubaaqudgha
Makhleb
Okawaru
Qazlal
Trog
Vehumet
Zin

Shops:
D:6 [   D:8 (

Annotations:
D:12 Gastronok


Innate Abilities, Weirdness & Mutations

You reflexively headbutt those who attack you in melee.
You have a pair of horns on your head.
You have an increased reservoir of magic. (+10% MP)
Your spells are a little easier to cast, but a little less powerful.


Message History

You closely miss the iguana. The iguana bites you.
* * * LOW HITPOINT WARNING * * *
The killer bee stings you.
* * * LOW HITPOINT WARNING * * *
You are poisoned.
The killer bee poisons you!
You feel sick. The killer bee barely misses you. You furiously retaliate!
You headbutt the killer bee.
You riposte.
You slice the killer bee!!
You kill the killer bee!
Trog accepts your kill. The iguana bites you!
* * * LOW HITPOINT WARNING * * *
You see here an arrow.
You feel better. The iguana bites you!
* * * LOW HITPOINT WARNING * * *
It was a potion of haste.
You feel yourself speed up.
The iguana barely misses you. x2; You riposte.
You hit the iguana but do no damage. Lightning courses through the iguana!
Your headbutt misses the iguana.
The iguana is heavily wounded.
You're still recovering from your berserk rage.
You slice the iguana!!
You kill the iguana!
Trog accepts your kill. The killer bee closely misses you.
The killer bee stings you.
* * * LOW HITPOINT WARNING * * *
The killer bee stings you.
* * * LOW HITPOINT WARNING * * *
You are poisoned.
The killer bee poisons you!
You feel sick. The killer bee completely misses you. You furiously retaliate!
You headbutt the killer bee.
There is a stone staircase leading down here.
You feel sick. The killer bee barely misses you.
You riposte.
You closely miss the killer bee. You headbutt the killer bee!
The killer bee is almost dead.
The killer bee completely misses you.
You climb downwards.
You hear the roar of battle.
There is an entrance to a bailey on this level.
Hurry and find it before the portal closes forever! 5 yaks, an ice beast, 6 kobolds and Gastronok come into view.
Gastronok gurgles horribly!
The yak bellows! x3; The kobold shouts! x2
You hear a shout! x3
Found a bronze wand.
Found a stone staircase leading down.
There is a stone staircase leading up here.
You feel sick.
The big kobold shouts!
The killer bee stings you.
You die...

....K....... .
....K.Y.... #>
#.K.......Y
.##...KK...Y.
.w.......YY/
#..K.......
#..........
#..@.......
.......y.....Y.
##...######....
...# ... .# .


You could see Gastronok, 5 yaks, an ice beast, a big kobold, a killer bee and 5
kobolds.

Vanquished Creatures
  Erolcha (D:10)
  2 two-headed ogres (D:8)
  2 unseen horrors (D:10)
  An ugly thing (D:11)
  The ghost of busb the Conjurer, a novice OpWn (D:7)
  A gargoyle (D:10)
  A queen bee (D:11)
  2 hornets
  2 hippogriffs
  2 wyverns
  Sigmund (D:4)
  A wraith (D:10)
  3 yaks (D:11)
  2 hungry ghosts
  A steam dragon (D:9)
  Edmund (D:4)
  5 swamp worms (D:9)
  An acid dragon (D:11)
  2 orc warriors
  A black bear (D:9)
  An ice beast (D:10)
  9 ogres
  3 necrophages (D:8)
  3 phantoms
  9 centaurs
  2 big kobolds
  6 bullfrogs
  A wyvern zombie (D:8)
  2 water moccasin zombies
  40 killer bees
  3 scorpions
  A water moccasin skeleton (D:7)
  11 wights
  2 howler monkeys (D:7)
  3 jellies
  2 centaur zombies (D:8)
  3 crimson imps
  3 bullfrog zombies
  3 hounds
  14 orc wizards
  2 quasits
  7 orc priests
  2 centaur skeletons
  9 iguanas
  3 bullfrog skeletons
  Terence (D:2)
  8 worker ants
  A hound zombie (D:8)
  3 worker ant zombies (D:4)
  10 adders
  A shadow imp (D:11)
  2 oozes
  2 adder zombies
  2 adder skeletons
  6 worms
  5 dart slugs
  5 leopard geckos
  44 orcs
  9 giant cockroaches
  8 goblins
  5 hobgoblins
  14 jackals
  9 quokkas
  2 ball pythons
  10 bats
  A frilled lizard (D:1)
  15 kobolds
  A leopard gecko skeleton (D:9)
  A leopard gecko zombie (D:9)
  2 quokka zombies
  8 rats
  A bush (D:8)
353 creatures vanquished.

Vanquished Creatures (others)
  10 plants
10 creatures vanquished.

Grand Total: 363 creatures vanquished

Notes
Turn   | Place    | Note
-------+----------+-------------------------------------------
     0 | D:1      | b5mith the Minotaur Berserker began the quest for the Orb.
     0 | D:1      | Reached XP level 1. HP: 19/19 MP: 0/0
   246 | D:1      | Reached XP level 2. HP: 26/27 MP: 1/1
   933 | D:1      | Reached ** piety under Trog
  1002 | D:2      | Reached XP level 3. HP: 34/34 MP: 2/2
  1079 | D:2      | Noticed Terence
  1086 | D:2      | Killed Terence
  1086 | D:2      | Reached skill level 5 in Fighting
  1086 | D:2      | Reached skill level 5 in Long Blades
  1086 | D:2      | Reached XP level 4. HP: 42/42 MP: 3/3
  1718 | D:2      | Noticed a moth of wrath
  1721 | D:2      | Found a bloodstained altar of Trog.
  1742 | D:2      | Reached XP level 5. HP: 38/48 MP: 4/4
  2215 | D:3      | Found a white marble altar of Elyvilon.
  2218 | D:3      | Found a burning altar of Makhleb.
  2259 | D:3      | Found a hazy altar of Hepliaklqana.
  2332 | D:3      | Found a radiant altar of Vehumet.
  2561 | D:3      | Found an opulent altar of Gozag.
  2648 | D:3      | Reached *** piety under Trog
  2696 | D:3      | Found a shadowy altar of Dithmenos.
  3091 | D:4      | Reached XP level 6. HP: 46/57 MP: 5/5
  3323 | D:4      | Noticed Sigmund
  3339 | D:4      | Killed Sigmund
  3364 | D:4      | Noticed Edmund
  3375 | D:4      | Killed Edmund
  3375 | D:4      | Reached XP level 7. HP: 66/66 MP: 6/6
  3478 | D:4      | Found a stormy altar of Qazlal.
  3706 | D:5      | Entered Level 5 of the Dungeon
  3888 | D:5      | Reached **** piety under Trog
  4191 | D:5      | Got an ichor-stained long sword
  4192 | D:5      | Identified the +6 long sword of the Endless Expanse {pain, MR+} (You found it on level 5 of the Dungeon)
  4248 | D:5      | Found a staircase to the Ecumenical Temple.
  4426 | D:6      | Reached XP level 8. HP: 75/75 MP: 7/7
  4504 | D:6      | Found Xuohel's Armour Shoppe.
  5273 | D:7      | Reached skill level 10 in Fighting
  5273 | D:7      | Reached skill level 10 in Long Blades
  5628 | D:7      | Found a shattered altar of Ashenzari.
  5661 | D:7      | Noticed busb's ghost (novice OpWn)
  5672 | D:7      | Killed busb's ghost
  5672 | D:7      | Reached XP level 9. HP: 69/86 MP: 8/8
  6189 | D:8      | Noticed a two-headed ogre
  6966 | D:8      | Reached ***** piety under Trog
  6994 | D:8      | Killed a two-headed ogre
  6994 | D:8      | Reached XP level 10. HP: 24/99 MP: 9/9
  6995 | D:8      | Found a glowing silver altar of Zin.
  7315 | D:8      | Received a gift from Trog
  7401 | D:8      | Found a staircase to the Lair.
  7466 | D:8      | Found a blossoming altar of Fedhas.
  7516 | D:8      | Found Geuwk's Weapon Emporium.
  7656 | D:8      | Noticed a two-headed ogre
  7664 | D:8      | Killed a two-headed ogre
  8158 | D:9      | Found an iron altar of Okawaru.
  8266 | D:9      | Found an ancient bone altar of Kikubaaqudgha.
  8690 | D:9      | Gained mutation: Your spells are a little easier to cast, but a little less powerful. [potion of mutation]
  8690 | D:9      | Gained mutation: You have an increased reservoir of magic. (+10% MP) [potion of mutation]
  9598 | D:10     | Entered Level 10 of the Dungeon
  9617 | D:10     | Killed an unseen horror
  9937 | D:10     | Reached XP level 11. HP: 97/110 MP: 11/11
 10346 | D:10     | Noticed Erolcha
 10354 | D:10     | Killed Erolcha
 10932 | D:10     | Killed an unseen horror
 10932 | D:10     | Received a gift from Trog
 11374 | D:11     | Reached skill level 15 in Long Blades
 11375 | D:11     | Reached skill level 15 in Fighting
 12167 | D:11     | Noticed a green ugly thing
 12177 | D:11     | Killed a green ugly thing
 12588 | D:11     | Paralysed by a hornet for 1 turns
 12887 | D:11     | HP: 4/114 [killer bee (2)]
 12890 | D:12     | Noticed Gastronok
 12891 | D:12     | Slain by a killer bee

Vault maps used:
D:1:      dpeg_arrival_simpleton_a
D:2:      tgw_trog, nicolae_underground_beach, uniq_terence
D:3:      lemuel_round_altar, grunt_gozag_breadcrumbs,
          nicolae_overflow_hidden_temple, lemuel_round_altar,
          grunt_dithmenos_smoke_and_mirrors
D:4:      kennysheep_mini, serial_undead, serial_undead_d, serial_undead_e,
          serial_undead_b, serial_undead_c, first_ration,
          sigmund_edmund_badplayer
D:5:      minmay_temple_entry_purple_smoke
D:6:      serial_shops, shop
D:7:      lemuel_round_altar, grunt_ogre_cave, minmay_misc_feat_iff,
          grunt_decor_mini_mirrors
D:8:      fedhas_altar_decomposition, zin_statuary, lair_entry_dummy,
          serial_shops, shop
D:9:      lemuel_round_altar, kennysheep_little_box, serial_column_ruins,
          column_ruins_grid_4, column_ruins_corridor_straight,
          column_ruins_columns_water, column_ruins_open_small,
          column_ruins_open_tiny, column_ruins_open_small,
          column_ruins_columns_straight, worms_lemuel
D:10:     uniq_erolcha
D:11:     hangedman_what_comes_after_a, special_room, minmay_item_behind_shaft
D:12:     orc_0_dummy, enter_bailey_3, uniq_gastronok

Skill      XL: |  1  2  3  4  5  6  7  8  9 10 11 |
---------------+----------------------------------+-----
Fighting       | 4 5 6 7 8 10 12 14 15 | 15.9
Long Blades    | 4 5 6 7 8 10 12 14 15 | 15.9
Armour         | |  2.4
Dodging        | |  2.1

Action                   |  1- 3 |  4- 6 |  7- 9 | 10-12 || total
-------------------------+-------+-------+-------+-------++-------
Melee: Falchion          |    56 |    76 |    33 |       ||   165
       Headbutt          |    12 |    20 |    41 |    56 ||   129
       Long sword        |       |       |   112 |    14 ||   126
       Great sword       |       |       |       |   265 ||   265
 Fire: Hunting sling     |    23 |   112 |   139 |   148 ||   422
Invok: Berserk           |       |     1 |     2 |     3 ||     6
  Use: Scroll            |       |       |     2 |     3 ||     5
       Potion            |       |       |       |     7 ||     7
 Stab: Sleeping          |     1 |     1 |       |       ||     2
       Distracted        |       |       |       |     1 ||     1
  Eat: Chunk             |     1 |     7 |    10 |    16 ||    34
       Ration            |       |       |     1 |     2 ||     3
Armor: Animal skin       |    16 |    26 |     1 |       ||    43
       Ring mail         |       |       |    34 |    18 ||    52
       Steam dragon scal |       |       |       |   114 ||   114
Dodge: Dodged            |    50 |    50 |   102 |   220 ||   422
       Rpst.: Falchion   |    12 |    12 |     2 |       ||    26
       Long sword        |       |       |    20 |     1 ||    21
       Great sword       |       |       |       |    55 ||    55

Table legend:
 A = Spawn XP
 B = Non-spawn XP
 C = Spawn XP percentage of total XP
 D = Spawn monster count
 E = Non-spawn monster count
 F = Spawn count percentage of total count
 G = Total turns spent on level
                    A         B        C        D         E        F      G
               +---------+---------+-------+---------+---------+-------+---------
         Total |       0 |   21528 |   0.0 |       0 |     352 |   0.0 | 12891
               +---------+---------+-------+---------+---------+-------+---------
           D:1 |       0 |      38 |   0.0 |       0 |      24 |   0.0 |   996
           D:2 |       0 |     176 |   0.0 |       0 |      36 |   0.0 |  1184
           D:3 |       0 |     102 |   0.0 |       0 |      19 |   0.0 |   776
           D:4 |       0 |     549 |   0.0 |       0 |      17 |   0.0 |   750
           D:5 |       0 |     543 |   0.0 |       0 |      19 |   0.0 |   714
           D:6 |       0 |     774 |   0.0 |       0 |      13 |   0.0 |   813
           D:7 |       0 |    1845 |   0.0 |       0 |      31 |   0.0 |  1841
           D:8 |       0 |    3818 |   0.0 |       0 |      48 |   0.0 |   757
           D:9 |       0 |    2059 |   0.0 |       0 |      29 |   0.0 |  1767
          D:10 |       0 |    5337 |   0.0 |       0 |      52 |   0.0 |  2705
          D:11 |       0 |    6287 |   0.0 |       0 |      64 |   0.0 |   587
               +---------+---------+-------+---------+---------+-------+---------
